 Seeded DCSS version 0.30-a0-883-g5ad918d77d (webtiles) character file.

Game seed: 7547814903460644772 (custom seed)

2762 bmack86 the Cleaver (level 9, -1/83 HPs)
             Began as a Minotaur Fighter on Mar 15, 2023.
             Was a Follower of Okawaru.
             Constricted to death by Joseph (4 damage)
             ... on level 7 of the Dungeon.
             The game lasted 00:17:17 (6057 turns).

bmack86 the Cleaver (Minotaur Fighter)              Turns: 6057, Time: 00:17:18

Health: -1/83      AC: 10    Str: 25    XL:     9   Next: 42%
Magic:  8/8        EV:  6    Int:  1    God:    Okawaru [*.....]
Gold:   503        SH:  6    Dex: 14    Spells: 8/8 levels left

rFire   . . .      SeeInvis +    a - +1 war axe
rCold   . . .      Faith    .    c - +0 buckler
rNeg    + + +      Spirit   .    h - +1 scale mail "Vablited" {rN+++ Int-4 Dex-2 Slay+3}
rPois   .          Reflect  .    (helmet restricted)
rElec   .          Rampage  .    r - +0 cloak
rCorr   .                        (no gloves)
Will    .....                    (no boots) Stlth
                                 (no amulet)
HPRegen 0.33/turn                u - +6 ring of dexterity
MPRegen 0.11/turn                B - ring of see invisible

@: grasped by roots, constricted
A: horns 2, retaliatory headbutt
a: Renounce Religion, Heroism


You were on level 7 of the Dungeon.
You worshipped Okawaru.
Okawaru was aware of your devotion.
You visited 2 branches of the dungeon, and saw 8 of its levels.
You also visited: Sewer.

You collected 503 gold pieces.

Inventory:

Hand Weapons
 a - a +1 war axe (weapon)
Missiles
 z - a curare-tipped dart
 A - 14 poisoned darts
 G - 2 boomerangs
Armour
 b - a +0 scale mail
 c - a +0 buckler (worn)
 h - the +1 scale mail "Vablited" (worn) {rN+++ Int-4 Dex-2 Slay+3}
   (You found it on level 7 of the Dungeon)

   Int:       It affects your intelligence (-4).
   Dex:       It affects your dexterity (-2).
   Slay:      It affects your accuracy & damage with ranged weapons and melee
   (+3).
   rN:        It renders you almost immune to negative energy.
 r - a +0 cloak (worn)
 v - a +0 tower shield
 E - a +0 chain mail
Jewellery
 p - a ring of fire
 u - a +6 ring of dexterity (left hand)
 B - a ring of see invisible (right hand)
Wands
 m - a wand of roots (6)
 x - a wand of paralysis (19)
 y - a wand of flame (3) (quivered)
 C - a wand of mindburst (14)
Scrolls
 e - 2 scrolls of vulnerability
 g - 2 scrolls of magic mapping
 k - 3 scrolls of poison
 n - 3 scrolls of teleportation
Potions
 d - 2 potions of might
 f - 4 potions of haste
 i - a potion of cancellation
 j - a potion of lignification {unknown}
 l - 3 potions of brilliance
 o - a potion of berserk rage {unknown}
 q - a potion of heal wounds {unknown}
 t - 2 potions of curing {unknown}
 w - 4 potions of mutation
 D - 3 potions of flight {unknown}


   Skills:
 + Level 9.0 Fighting
 * Level 11.7 Axes
 + Level 1.9 Throwing
 + Level 9.0 Armour
 + Level 9.0 Shields
 + Level 1.3 Invocations


You had 8 spell levels left.
You didn't know any spells.
Your spell library contained the following spells:

 Spells                   Type           Power      Damage    Failure   Level
 Lesser Beckoning         Tloc           0%         N/A       95%         2
 Gell's Gravitas          Tloc           0%         N/A       99%         3
 Ignite Poison            Fire/Tmut/Pois 0%         N/A       99%         3
 Kindle Blastsparks       Fire/Tloc/Air  0%         2d10      99%         3
 Ozocubu's Armour         Ice            0%         N/A       99%         3
 Teleport Other           Tloc           0%         N/A       99%         3
 Leda's Liquefaction      Hex/Erth       0%         N/A       100%        4
 Freezing Cloud           Conj/Ice/Air   0%         6-21      100%        5
 Lee's Rapid Deconstruct  Erth           0%         3d4*      100%        5
 Statue Form              Tmut/Erth      0%         N/A       100%        6
 Ozocubu's Refrigeration  Ice            0%         4d7       100%        7


Dungeon Overview and Level Annotations

Branches:
Dungeon (7/15)             Temple (1/1) D:6           Sewer (visited)

Altars:
Ashenzari
Cheibriados
Dithmenos
Elyvilon
Fedhas
Gozag
Kikubaaqudgha
Makhleb
Nemelex Xobeh
Okawaru
Qazlal
Ru
Sif Muna
Trog
Uskayaw
Vehumet
Wu Jian
Xom
Yredelemnul
Zin
The Shining One

Annotations:
D:7 Joseph


Innate Abilities, Weirdness & Mutations

You have a pair of horns on your head.
You reflexively headbutt those who attack you in melee.


Message History

Found a scroll of noise and a ring mail.
Joseph shouts!
Joseph unwields a +0 quarterstaff of speed.
Joseph wields a +0 sling.
Joseph shoots a sling bullet.
The sling bullet hits you!
Joseph zaps a wand.
The roots erupt in riotous growth!
The grasping roots grab you! The grasping roots constrict you.
You escape the roots grasp.
Joseph unwields a +0 sling.
Joseph wields a +0 quarterstaff of speed.
Joseph hits you but does no damage.
You slash Joseph!
Joseph is lightly wounded.
Joseph hits you with a +0 quarterstaff of speed.
You slice Joseph!!
Joseph is moderately wounded.
Joseph zaps a wand.
The roots erupt in riotous growth!
The grasping roots grab you!
Joseph is unaffected.
The grasping roots constrict you.
You slash Joseph!
Joseph is heavily wounded.
Joseph hits you with a +0 quarterstaff of speed!
The grasping roots constrict you!
Joseph hits you with a +0 quarterstaff of speed!
The grasping roots constrict you!
You hit Joseph. Your headbutt misses Joseph.
Joseph is heavily wounded.
Joseph hits you with a +0 quarterstaff of speed.
* * * LOW HITPOINT WARNING * * *
The grasping roots constrict you.
* * * LOW HITPOINT WARNING * * *
You hit Joseph.
Joseph is heavily wounded.
Joseph says, "It's nothing personal."
Joseph hits you with a +0 quarterstaff of speed!
* * * LOW HITPOINT WARNING * * *
The grasping roots constrict you.
* * * LOW HITPOINT WARNING * * *
You block Joseph's attack. The grasping roots constrict you.
You die...

#....####.#####
# #.......#
#.#..######
#....# #.
####.# .
####.#.#
..#.#.# #
#@#...# #..
#@#.###
#..#.#.#
#......#
#....### #....#
#......#
#.##...# #.
#...# # ..?.#


You could see Joseph.

Vanquished Creatures
  Pikel (D:6)
  Menkaure (D:6)
  Edmund (D:4)
  Duvessa (D:4)
  2 black bears
  An orc warrior (D:7)
  An ice beast (D:6)
  Pargi (Sewer)
  A sky beast (D:6)
  A centaur (D:5)
  2 ogres
  A phantom (D:7)
  2 kobold brigands
  4 scorpions
  Dowan (D:4)
  4 hounds
  An orc priest (D:5)
  A gnoll bouda (D:5)
  Jessica (D:2)
  An iguana (D:5)
  2 orc wizards (D:3)
  A sleepcap (D:5)
  Ijyb (D:5)
  Robin (D:4)
  8 gnolls
  5 adders
  3 shadow imps
  An ufetubus (D:5)
  A worm (D:2)
  A dart slug (D:6)
  14 orcs
  5 ball pythons
  4 bats
  5 endoplasms
  8 giant cockroaches
  11 hobgoblins
  7 jackals
  5 quokkas
  4 frilled lizards
  16 goblins
  17 kobolds
  5 rats
154 creatures vanquished.

Vanquished Creatures (others)
  A fungus (D:5)
  3 toadstools (D:5)
4 creatures vanquished.

Grand Total: 158 creatures vanquished

Notes
Turn   | Place    | Note
-------+----------+-------------------------------------------
     0 | D:1      | bmack86 the Minotaur Fighter began the quest for the Orb.
     0 | D:1      | Reached XP level 1. HP: 19/19 MP: 0/0
    40 | D:1      | Found a faded altar of an unknown god.
   134 | D:1      | Reached XP level 2. HP: 25/27 MP: 1/1
   206 | D:1      | Reached skill level 3 in Axes
   419 | D:1      | Reached skill level 7 in Axes
   419 | D:1      | Reached XP level 3. HP: 37/37 MP: 2/2
   420 | D:1      | Reached skill level 10 in Axes
   420 | D:1      | Reached XP level 4. HP: 48/48 MP: 3/3
   766 | D:2      | Reached XP level 5. HP: 53/53 MP: 4/4
   966 | D:2      | Noticed Jessica
   971 | D:2      | Killed Jessica
  1709 | D:3      | Found an ornate altar of the Wu Jian Council.
  1780 | D:3      | Found a broken altar of Ashenzari.
  1981 | D:4      | Reached XP level 6. HP: 51/61 MP: 5/5
  2006 | D:4      | Found a glowing drain.
  2010 | Sewer    | Entered a sewer
  2030 | Sewer    | Noticed Pargi
  2040 | Sewer    | Killed Pargi
  2342 | D:4      | Found a burning altar of Makhleb.
  2342 | D:4      | Found a glowing silver altar of Zin.
  2343 | D:4      | Noticed an angel
  2343 | D:4      | Noticed an Executioner
  2391 | D:4      | Found a basalt altar of Yredelemnul.
  2570 | D:4      | Found a sparkling altar of Nemelex Xobeh.
  2708 | D:4      | Noticed Edmund
  2714 | D:4      | Killed Edmund
  2715 | D:4      | Reached XP level 7. HP: 63/68 MP: 6/6
  2956 | D:4      | Noticed Duvessa
  2959 | D:4      | Noticed Robin
  2965 | D:4      | Noticed Dowan
  2973 | D:4      | Killed Duvessa
  2983 | D:4      | Killed Robin
  2984 | D:4      | Killed Dowan
  3547 | D:5      | Entered Level 5 of the Dungeon
  3551 | D:5      | Noticed Ijyb
  3558 | D:5      | Reached XP level 8. HP: 55/75 MP: 7/7
  3567 | D:5      | Killed Ijyb
  3571 | D:5      | Reached skill level 11 in Axes
  3989 | D:5      | Found an iron altar of Okawaru.
  3994 | D:5      | Found an opulent altar of Gozag.
  4391 | D:5      | Found a blossoming altar of Fedhas.
  4431 | D:5      | Found a white marble altar of Elyvilon.
  4433 | D:5      | Found a sacrificial altar of Ru.
  4474 | D:5      | Found an ancient bone altar of Kikubaaqudgha.
  4851 | D:6      | Noticed Menkaure
  4861 | D:6      | Reached skill level 1 in Throwing
  4861 | D:6      | Killed Menkaure
  4902 | D:5      | Became a worshipper of Warmaster Okawaru
  4914 | D:6      | Found a staircase to the Ecumenical Temple.
  4935 | Temple   | Entered the Ecumenical Temple
  5062 | D:6      | Noticed Pikel
  5072 | D:6      | Killed Pikel
  5073 | D:6      | Reached XP level 9. HP: 61/82 MP: 8/8
  5206 | D:6      | Found a bloodstained altar of Trog.
  5289 | D:6      | Reached skill level 1 in Invocations
  5441 | D:6      | Found a snail-covered altar of Cheibriados.
  5725 | D:7      | Reached * piety under Okawaru
  5844 | D:7      | Identified the +1 scale mail "Vablited" {rN+++ Int-4 Dex-2
                  | Slay+3}
  6050 | D:7      | Noticed Joseph
  6057 | D:7      | HP: 3/83 [constriction (6)]
  6057 | D:7      | Constricted to death by Joseph

Illustrated notes

Levels and vault maps discovered:
D:1:      lordsloth_arrival_two_stooges, layout_basic,
          chequers_ecumenical_altar_simple
D:2:      layout_loops_ring, uniq_jessica
D:3:      layout_rooms, ashenzari_conservatory_becter,
          pdpol_wu_jian_five_deadly_venoms, kennysheep_generic_room_14
D:4:      layout_loops_corners, grunt_temple_overflow_order_and_chaos_2,
          kennysheep_mini_moat, nemelex_xobeh_ov_fountains_minmay,
          gup_sewer_entry_spiral, uniq_robin, uniq_edmund, uniq_duvessa
D:5:      layout_basic, grunt_temple_overflow_growth_and_decay,
          nicolae_overflow_hidden_temple, minivault_23,
          minmay_gold_behind_fungi, uniq_ijyb
D:6:      layout_cave_pods, mainiacjoe_overflow_catwalk, kennysheep_slug_shrine,
          minmay_temple_entry_grid, uniq_menkaure, uniq_pikel
D:7:      lemuel_ice_spiral_2, layout_basic,
          nicolae_hepliaklqana_ecumenical_no_more, lightli_corner_chamber,
          uniq_crazy_yiuf_cottage, uniq_joseph
Temple:   nicolae_temple_great_sept

Skill      XL: |  1  2  3  4  5  6  7  8  9 |
---------------+----------------------------+-----
Axes           | 7 10 11 | 11.7
Fighting       | 6 7 8 9 |  9.0
Armour         | 6 7 8 9 |  9.0
Shields        | 6 7 8 9 |  9.0
Throwing       | 1 |  1.9
Invocations    | 1 |  1.3

Action                     |  1- 3 |  4- 6 |  7- 9 || total
---------------------------+-------+-------+-------++-------
  Melee: War axe           |    13 |   134 |   160 ||   307
         Headbutt          |     2 |    12 |    34 ||    48
  Evoke: Wand              |       |       |    16 ||    16
    Use: Potion            |     2 |       |     1 ||     3
         Scroll            |       |     4 |     8 ||    12
 Armour: Scale mail        |    14 |    53 |    46 ||   113
         Chain mail        |       |       |    43 ||    43
  Dodge: Dodged            |    12 |    46 |    85 ||   143
  Block: Buckler           |     4 |    38 |    52 ||    94

Table legend: (Time is in decaauts)
 A = Elapsed time spent in this place.
 B = Non-inter-level travel time spent in this place.
 C = Inter-level travel time spent in this place.
 D = Time resting spent in this place.
 E = Time spent auto-exploring this place.
 F = Levels seen in this place.
 G = Mean time per level.
                   A        B        C        D        E       F      G
               +--------+--------+--------+--------+--------+-----+--------+
         Total |   6107 |   5913 |    194 |    417 |   3860 |   9 |  678.6 |
       Dungeon |   5863 |   5669 |    194 |    417 |   3793 |   7 |  837.6 |
        Temple |     84 |     84 |      0 |      0 |     62 |   1 |   84.0 |
         Sewer |    158 |    158 |      0 |      0 |      5 |   1 |  158.0 |
               +--------+--------+--------+--------+--------+-----+--------+

Top non-repeatable levels by time:
     D:4: 1542 daAuts
     D:5: 1182 daAuts
     D:6: 909 daAuts
     D:2: 773 daAuts
     D:3: 663 daAuts
     D:1: 455 daAuts
     D:7: 338 daAuts
   Sewer: 158 daAuts
  Temple: 84 daAuts
